 Dungeon Crawl Stone Soup version 0.24.0-2-g5b39cebb1c (webtiles) character file.

Game seed: 17876898835964080806, levelgen mode: deterministic

42 Emblim88 the Shooter (level 3, 0/31 HPs)
             Began as a Centaur Hunter on Oct 31, 2019.
             Succumbed to a scorpion's poison
             ... on level 2 of the Dungeon.
             The game lasted 00:01:23 (863 turns).

Emblim88 the Shooter (Centaur Hunter)                Turns: 863, Time: 00:01:23

Health: 0/31       AC:  4    Str: 19    XL:     3   Next: 33%
Magic:  12/12      EV:  9    Int: 10    God:
Gold:   73         SH:  2    Dex: 10    Spells: 2/2 levels left

rFire    . . .     SeeInvis .   a - +1 shortbow
rCold    . . .     Gourm    .   (shield currently unavailable)
rNeg     . . .     Faith    .   c - +0 leather armour
rPois    .         Spirit   .   (no helmet)
rElec    .         Reflect  +   (no cloak)
rCorr    .         Harm     .   (no gloves)
MR       .....                  (no barding)
Stlth    +.........             j - +2 amulet of reflection
HPRegen  0.10/turn              e - ring of magical power
MPRegen  0.13/turn              (no ring)

@: mighty, lethally poisoned (0 -> -16), very quick
A: large, hooves 3, deformed body, speed 2, tough skin 3
a: no special abilities


You were on level 2 of the Dungeon.
You were not hungry.

You visited 1 branch of the dungeon, and saw 2 of its levels.

You collected 73 gold pieces.

Inventory:

Hand Weapons
 a - a +1 shortbow (weapon)
 b - a +0 short sword
Missiles
 d - 54 arrows (quivered)
 o - 20 poisoned darts
Armour
 c - a +0 leather armour (worn)
Jewellery
 e - a ring of magical power (left hand)
 j - a +2 amulet of reflection (around neck)
 r - an uncursed ring of fire {unknown}
Scrolls
 g - a scroll of random uselessness {unknown}
 i - a scroll of remove curse {unknown}
 m - 3 scrolls of identify {unknown}
 p - a scroll of fog {unknown}
Potions
 h - a potion of ambrosia {unknown}
 k - a potion of resistance {unknown}
 l - a potion of mutation {unknown}
 n - 3 potions of might
 q - 2 potions of curing {unknown}
 s - 2 potions of degeneration {unknown}
Comestibles
 f - 4 rations


   Skills:
 + Level 3.0 Fighting
 + Level 6.1 Bows
 - Level 1.3 Dodging
 - Level 0.4 Stealth


You had 2 spell levels left.
You didn't know any spells.
Your spell library was empty.

Dungeon Overview and Level Annotations

Branches:
Dungeon (2/15)

Altars:


Innate Abilities, Weirdness & Mutations

You have hooves in place of feet.
Armour fits poorly on your strangely shaped body.
You cover ground very quickly.
You have extremely tough skin. (AC +3)


Message History

You feel sick. The scorpion closely misses you.
There is a lethal amount of poison in your body!
There is a lethal amount of poison in your body!
Firing (i - inventory. (/) - cycle)
d - 55 arrows (quivered)
Press: ? - help, Shift-Dir - straight line, f/p - scorpion
Aim: a scorpion (almost dead)
You shoot an arrow. The arrow barely misses the scorpion.
You feel sick. The scorpion stings you!
* * * LOW HITPOINT WARNING * * *
* * * LOW HITPOINT WARNING * * *
You feel sick.
* * * LOW HITPOINT WARNING * * *
You feel sick.
* * * LOW HITPOINT WARNING * * *
You feel sick.
* * * LOW HITPOINT WARNING * * *
You feel sick.
It was a potion of might.
You feel very mighty all of a sudden.
You die...

#.###.##......##.
#.# #.#........##
#.# #.#...##...##
#.# #.'..####..#.
###.#
###..####..'.
#...# #...##...##
#.### #........#
#(########......##
#.@.s...####'####
#######(# #.......
.# ######.# (# (#
#[# .# #.# .# #.#
## #.# ######.#


You could see a scorpion.

Vanquished Creatures
  An adder (D:2)
  A worm (D:2)
  A leopard gecko (D:1)
  4 giant cockroaches
  2 goblins
  4 hobgoblins
  4 jackals (D:2)
  A quokka (D:2)
  4 frilled lizards
  2 kobolds (D:2)
  3 rats
27 creatures vanquished.

Notes
Turn   | Place    | Note
-------+----------+-------------------------------------------
     0 | D:1      | Emblim88 the Centaur Hunter began the quest for the Orb.
     0 | D:1      | Reached XP level 1. HP: 17/17 MP: 1/1
   104 | D:1      | Reached XP level 2. HP: 25/25 MP: 2/2
   576 | D:2      | Reached skill level 6 in Bows
   576 | D:2      | Reached XP level 3. HP: 23/30 MP: 3/3
   851 | D:2      | Noticed a scorpion
   863 | D:2      | Succumbed to a scorpion's poison

Levels and vault maps discovered:
D:1:      dpeg_arrival_tiny_g, layout_rooms, amethyst_killhole,
          minmay_misc_feat_cross, hangedman_decor_lopped
D:2:      layout_loops_ring, first_ration, kennysheep_another_room,
          doesnt_xom_only_xom

Skill      XL: |  1  2  3 |
---------------+----------+-----
Bows           | 6 |  6.1
Fighting       | 3 |  3.0
Dodging        | |  1.3
Stealth        | |  0.4

Action                   || total
-------------------------++-------
 Fire: Shortbow          ||    83
  Use: Potion            ||     1
Armor: Leather armour    ||     6
Dodge: Dodged            ||    11
Block: Other             ||     2
